[Event "European Rapid Championship 2021"]
[Site "Katowice"]
[Date "2021.12.18"]
[Round "3.9"]
[White "Stanisz, Patryk"]
[Black "Donchenko, Alexander"]
[Result "0-1"]
[ECO "E20"]
[WhiteElo "2125"]
[BlackElo "2535"]
[Annotator "ChessBase"]
[PlyCount "44"]
[EventDate "2021.12.18"]
[EventType "swiss"]
[EventCountry "POL"]
[SourceTitle "playchess.com"]
[Source "ChessBase"]
[SourceQuality "1"]
[TimeControl "900+10"]

1. d4 Nf6 2. c4 e6 3. Nc3 Bb4 4. f3 c5 5. d5 d6 6. e4 b5 7. Nge2 bxc4 8. a3 Ba5 9. Qa4+ Bd7 10. Qxc4 exd5 11. exd5 O-O 12. Bg5 h6 13. h4 Re8 14. O-O-O hxg5 15. hxg5 Nh7 16. Rxh7 Kxh7 17. Qh4+ Kg8 18. Ne4 Rxe4 19. fxe4 Qe7 20. Ng3 Bd8 21. Qh2 Qxg5+ 22. Kb1 Qh4 0-1

[Event "European Rapid Championship 2021"]
[Site "Katowice"]
[Date "2021.12.18"]
[Round "3.9"]
[White "Snihur, Piotr"]
[Black "Kalogeris, Ioannis"]
[Result "0-1"]
[ECO "D11"]
[WhiteElo "2006"]
[BlackElo "2357"]
[Annotator "ChessBase"]
[PlyCount "90"]
[EventDate "2021.12.18"]
[EventType "swiss"]
[EventCountry "POL"]
[SourceTitle "playchess.com"]
[Source "ChessBase"]
[SourceQuality "1"]
[TimeControl "900+10"]

1. c4 c6 2. d4 d5 3. Nf3 Nf6 4. e3 Bg4 5. cxd5 cxd5 6. Qa4+ Bd7 7. Qb3 Nc6 8. Nc3 Na5 9. Qd1 a6 10. Bd3 Bg4 11. h3 Bxf3 12. Qxf3 e6 13.
g4 Be7 14. g5 Nd7 15. h4 Rc8 16. Kf1 b5 17. Rg1 Nc4 18. Ne2 Qa5 19. Nf4 Nd2+ 20. Bxd2 Qxd2 21. Kg2 Nb6 22. b3 g6 23. Rad1 Qb2 24. h5 Bxg5 25. hxg6 hxg6 26. Kf1 Be7 27. Bxg6 fxg6 28. Nxg6 Rg8 29. Qh5 Kd7 30. Qh7 Rxg6 31. Rxg6 Rf8 32. Rg2 Qxa2 33. Rc1 Qxb3 34. Rg7 Re8 35. Kg2 Qa3 36. Rh1 Nc4 37. Qg6 Qd6 38. Rhh7 b4 39. Qc2 Qc6 40. Qd1 a5 41. Qg4 b3 42. Rg6 b2 43. Rhh6 Bd8 44. Rh7+ Re7 45.
Rgg7 b1=Q 0-1

[Event "European Rapid Championship 2021"]
[Site "Katowice"]
[Date "2021.12.18"]
[Round "3.10"]
[White "Fus, Jakub"]
[Black "Krzywda, Andrzej"]
[Result "1-0"]
[ECO "A57"]
[WhiteElo "2252"]
[BlackElo "2123"]
[Annotator "NA"]
[PlyCount "99"]
[EventDate "2021.12.18"]
[EventType "swiss"]
[EventCountry "POL"]
[SourceTitle "playchess.com"]
[Source "ChessBase"]
[SourceQuality "1"]
[TimeControl "900+10"]

1. d4 Nf6 2. c4 c5 3. d5 b5 4. cxb5 a6 5. e3 g6 6. Nc3 Bg7 7. Nf3 O-O 8. a4 Bb7 9. Ra3 e6 10. dxe6 fxe6 11. Be2 d5 12. O-O Nbd7 13. bxa6 Bxa6 14. Bxa6 Rxa6 15. e4 d4 16. Nb5 Qb8 17. Nd2 Ne5 18. f4 Nc6 19. e5 Nd5 20. Ne4 Qb6 21. Qc2 Bh6 22. Rh3 Bg7 23. b3 d3 24. Qxc5 Ncb4 25.
Qxb6 Rxb6 26. Nc5 Rc8 27. Nxd3 Bf8 28. Nd6 Rc2 29. Nxb4 Rxb4 30. Rd3 Nc3 31. Rxc3 Rxc3 32. Bd2 Rcxb3 33. Bxb4 Rxb4 34. Ra1 Bxd6 35. exd6 Rd4 36. a5 Rxd6 37. a6 Rd8 38. a7 Ra8 39. Kf2 Kf7 40. Ke3 Ke7 41. Ke4 Kd7 42. Ke5 Ke7 43. Ra6 Kf7 44. Kd6 Kf6 45. Ra5 h6 46. h4 g5 47. hxg5+ hxg5 48. fxg5+ Kg6 49. Kc7 e5 50. Kb7 1-0

[Event "European Rapid Championship 2021"]
[Site "Katowice"]
[Date "2021.12.18"]
[Round "3.11"]
[White "Grabarczyk, Miroslaw"]
[Black "Czernek, Tymon"]
[Result "1/2-1/2"]
[ECO "E62"]
[WhiteElo "2373"]
[BlackElo "2197"]
[Annotator "NA"]
[PlyCount "78"]
[EventDate "2021.12.18"]
[EventType "swiss"]
[EventCountry "POL"]
[SourceTitle "playchess.com"]
[Source "ChessBase"]
[SourceQuality "1"]
[TimeControl "900+10"]

1. d4 Nf6 2. c4 g6 3. Nf3 Bg7 4. g3 O-O 5. Bg2 d6 6. Nc3 Nc6 7. O-O e5 8.
dxe5 dxe5 9. Qxd8 Rxd8 10. Bg5 Be6 11. Nd2 h6 12. Bxf6 Bxf6 13.
Nde4 Be7 14. Nd5 Bxd5 15. cxd5 Nb4 16. Nc3 f5 17. Rac1 Bg5 18. Rcd1 e4 19. a3 Na6 20. f3 exf3 21. Bxf3 Bf6 22. e4 Bxc3 23. bxc3 fxe4 24. Bxe4 Rd6 25. Bg2 Re8 26. Rde1 Rxe1 27. Rxe1 Kf7 28. c4 Nc5 29. Re3 Rb6 30. h4 Rb3 31. Kf2 Kf6 32. Re8 Rxa3 33. Rc8 Nd3+ 34. Ke2 Ke5 35. Rxc7 Kd4 36. d6 Ra2+ 37. Kf1 Ra1+ 38. Ke2 Ra2+ 39. Kf1 Ra1+ 1/2-1/2

[Event "European Rapid Championship 2021"]
[Site "Katowice"]
[Date "2021.12.18"]
[Round "3.11"]
[White "Pavlidou, Ekaterini"]
[Black "Klekowski, Maciej"]
[Result "0-1"]
[ECO "E50"]
[WhiteElo "2172"]
[BlackElo "2528"]
[Annotator "ChessBase"]
[PlyCount "58"]
[EventDate "2021.12.18"]
[EventType "swiss"]
[EventCountry "POL"]
[SourceTitle "playchess.com"]
[Source "ChessBase"]
[SourceQuality "1"]
[TimeControl "900+10"]

1. d4 Nf6 2. c4 e6 3. Nc3 Bb4 4. e3 O-O 5. Nf3 b6 6. Bd2 Bb7 7. Bd3 d5 8.
cxd5 exd5 9. Rc1 a6 10. O-O Bd6 11. Ne5 c5 12. f4 Nc6 13.
Ng4 Be7 14. Nxf6+ Bxf6 15. Qh5 g6 16. Qxd5 cxd4 17. Qxd8 Raxd8 18. Ne4 Bg7 19. Bb1 Rfe8 20. f5 gxf5 21. Rxf5 dxe3 22. Bxe3 Nd4 23. Bxd4 Bxe4 24. Bxb6 Bxf5 25. Bxf5 Rb8 26.
Bc7 Rxb2 27. Bd7 Bd4+ 28. Kh1 Rc2 29. Rd1 Re7 0-1

[Event "European Rapid Championship 2021"]
[Site "Katowice"]
[Date "2021.12.18"]
[Round "3.12"]
[White "Povilaitis, Tomas"]
[Black "Wisniewski, Michal"]
[Result "1/2-1/2"]
[ECO "B03"]
[WhiteElo "2006"]
[BlackElo "2248"]
[Annotator "NA"]
[PlyCount "83"]
[EventDate "2021.12.18"]
[EventType "swiss"]
[EventCountry "POL"]
[SourceTitle "playchess.com"]
[Source "ChessBase"]
[SourceQuality "1"]
[TimeControl "900+10"]

1. e4 Nf6 2. e5 Nd5 3. c4 Nb6 4. d4 d6 5. exd6 cxd6 6. Nc3 g6 7. Be2 Bg7 8. Be3 O-O 9. h3 Nc6 10. Nf3 Bf5 11. O-O d5 12. b3 dxc4 13.
bxc4 Rc8 14. Rc1 Na5 15. c5 Nd5 16. Nxd5 Qxd5 17. Qa4 b6 18.
Bd2 Nc6 19. Bc4 Qd8 20. Ba6 Nxd4 21. Nxd4 Bxd4 22. Bxc8 Bxc8 23. Bh6 Re8 24. Rfd1 bxc5 25. Rxc5 Bxc5 26. Rxd8 Rxd8 27. Qc6 Bd6 28. Qc3 f6 29. Qa5 Re8 30. Qd5+ Kh8 31. Qf7 Rg8 32. a4 Bd7 33. a5 Be8 34. Qd5 Bd7 35. f4 Rb8 36. Qf7 Rg8 37. h4 a6 38.
Kh2 Be8 39. Qe6 Bc6 40. Qf7 Be8 41. Qe6 Bc6 42. Qf7 1/2-1/2

[Event "European Rapid Championship 2021"]
[Site "Katowice"]
[Date "2021.12.18"]
[Round "3.13"]
[White "Kanicki, Krzysztof"]
[Black "Mis, Mieszko"]
[Result "0-1"]
[ECO "B12"]
[WhiteElo "2004"]
[BlackElo "2237"]
[Annotator "NA"]
[PlyCount "66"]
[EventDate "2021.12.18"]
[EventType "swiss"]
[EventCountry "POL"]
[SourceTitle "playchess.com"]
[Source "ChessBase"]
[SourceQuality "1"]
[TimeControl "900+10"]

1. e4 c6 2. d4 d5 3. e5 Bf5 4. Nf3 e6 5. Be2 c5 6. Be3 Qb6 7. Nc3 Nc6 8.
dxc5 Bxc5 9. Bxc5 Qxc5 10. Nb5 Kf8 11. c3 Be4 12. b4 Qb6 13.
Nbd4 Nge7 14. O-O Bxf3 15. Nxf3 Qc7 16. Qd2 Nxe5 17. Nxe5 Qxe5 18. f4 Qf6 19. c4 g6 20. c5 Kg7 21. Rac1 Rac8 22. Rfd1 h5 23. a4 Rc7 24. Rc2 Rhc8 25. a5 Nf5 26. Bf3 b6 27. axb6 axb6 28.
Rdc1 bxc5 29. Rxc5 Rxc5 30. bxc5 Qd4+ 31. Qxd4+ Nxd4 32. Bd1 f6 33. Ba4 Ne2+ 0-1

[Event "European Rapid Championship 2021"]
[Site "Katowice"]
[Date "2021.12.18"]
[Round "3.14"]
[White "Sumets, Andrey"]
[Black "Rigopoulos-Tsigkos, Alexandros"]
[Result "1-0"]
[ECO "B43"]
[WhiteElo "2508"]
[BlackElo "2076"]
[Annotator "ChessBase"]
[PlyCount "61"]
[EventDate "2021.12.18"]
[EventType "swiss"]
[EventCountry "POL"]
[SourceTitle "playchess.com"]
[Source "ChessBase"]
[SourceQuality "1"]
[TimeControl "900+10"]

1. e4 c5 2. Nf3 e6 3. d4 cxd4 4. Nxd4 a6 5. Nc3 b5 6. Bd3 Bb7 7. O-O Bc5 8. Nb3 Be7 9. e5 Qc7 10. Re1 Nc6 11. Bf4 g5 12. Bg3 h5 13. h3 h4 14. Bh2 Nh6 15. Qe2 g4 16. hxg4 Rg8 17. f3 O-O-O 18. a4 b4 19. Ne4 Nxe5 20. Nf2 d6 21. Bxa6 f5 22. Bxb7+ Qxb7 23. Bxe5 dxe5 24. Na5 Qb6 25. Qc4+ Kd7 26. Rxe5 Bf6 27. Rb5 Qe3 28. Rb7+ Ke8 29. Qb5+ Kf8 30. Qxb4+ Ke8 31. Re1 1-0

[Event "European Rapid Championship 2021"]
[Site "Katowice"]
[Date "2021.12.18"]
[Round "3.14"]
[White "Putlak, Wojciech"]
[Black "Godzwon, Iwo"]
[Result "1/2-1/2"]
[ECO "A04"]
[WhiteElo "2000"]
[BlackElo "2352"]
[Annotator "NA"]
[PlyCount "60"]
[EventDate "2021.12.18"]
[EventType "swiss"]
[EventCountry "POL"]
[SourceTitle "playchess.com"]
[Source "ChessBase"]
[SourceQuality "1"]
[TimeControl "900+10"]

1. Nf3 c5 2. c4 g6 3. g3 Bg7 4. Bg2 Nc6 5. O-O e5 6. Nc3 Nge7 7. d3 O-O 8. a3 d6 9. Rb1 f5 10. Bd2 a5 11. Ne1 Be6 12. Nc2 d5 13. cxd5 Nxd5 14. Nxd5 Bxd5 15. Bxd5+ Qxd5 16. Ne3 Qe6 17. a4 f4 18. Nc4 Qh3 19. Bc3 e4 20.
dxe4 Bd4 21. Bxd4 Nxd4 22. Ne5 Rad8 23. Qd3 Qh5 24. Nf3 fxg3 25. Qc4+ Kh8 26. fxg3 Rxf3 27. exf3 Nxf3+ 28. Rxf3 Qxf3 29. Qc3+ Qxc3 30. bxc3 Rd3 1/2-1/2

[Event "European Rapid Championship 2021"]
[Site "Katowice"]
[Date "2021.12.18"]
[Round "3.15"]
[White "Kulon, Klaudia"]
[Black "Vidruska, Renate"]
[Result "1-0"]
[ECO "A20"]
[WhiteElo "2328"]
[BlackElo "1993"]
[Annotator "NA"]
[PlyCount "55"]
[EventDate "2021.12.18"]
[EventType "swiss"]
[EventCountry "POL"]
[SourceTitle "playchess.com"]
[Source "ChessBase"]
[SourceQuality "1"]
[TimeControl "900+10"]

1. c4 e5 2. g3 c6 3. Bg2 d5 4. cxd5 cxd5 5. Qb3 Nf6 6. Nc3 Nc6 7. Nxd5 Nxd5 8. Qxd5 Bd6 9. Qb3 Nd4 10. Qd1 Qc7 11. Be4 f5 12. Bb1 Bd7 13. b3 O-O 14. Bb2 Bc6 15. f3 Rae8 16. e3 Ne6 17. Nh3 e4 18.
f4 Nc5 19. O-O h6 20. b4 Na4 21. Bd4 b5 22. a3 Kh7 23. Ba2 a5 24. Rc1 Qb7 25. Qh5 Be7 26. Bf7 Bf6 27. Qg6+ Kh8 28. Ng5 1-0

[Event "European Rapid Championship 2021"]
[Site "Katowice"]
[Date "2021.12.18"]
[Round "3.15"]
[White "Froewis, Annika"]
[Black "Janik, Igor"]
[Result "0-1"]
[ECO "B03"]
[WhiteElo "2079"]
[BlackElo "2462"]
[Annotator "ChessBase"]
[PlyCount "88"]
[EventDate "2021.12.18"]
[EventType "swiss"]
[EventCountry "POL"]
[SourceTitle "playchess.com"]
[Source "ChessBase"]
[SourceQuality "1"]
[TimeControl "900+10"]

1. e4 Nf6 2. e5 Nd5 3. c4 Nb6 4. d4 d6 5. exd6 cxd6 6. Nc3 g6 7. h4 h5 8. Be3 Bg7 9. Rc1 Nc6 10. b3 O-O 11. Nf3 Bg4 12. Be2 d5 13.
c5 Nc8 14. a3 e6 15. b4 a6 16. Kf1 N8e7 17. Ng5 Bxe2+ 18. Nxe2 Nf5 19. Rc2 e5 20. Nf3 e4 21. Ng5 Qf6 22. Kg1 Rad8 23. Rd2 Nxe3 24. fxe3 Bh6 25. Nf4 Bxg5 26. hxg5 Qxg5 27. Rf2 Ne7 28. Qe2 Kg7 29. Nh3 Qg4 30. Qxg4 hxg4 31. Ng5 Nf5 32. Rf4 Rh8 33. Rxh8 Rxh8 34. Rxg4 Nxe3 35. Rf4 f5 36. Rf2 Kf6 37. Nh3 g5 38. a4 f4 39. Nxf4 gxf4 40. Rxf4+ Ke6 41. b5 axb5 42. axb5 Nf5 43. g4 Nxd4 44. b6 Ne2+ 0-1

[Event "European Rapid Championship 2021"]
[Site "Katowice"]
[Date "2021.12.18"]
[Round "3.16"]
[White "Gumularz, Szymon"]
[Black "Adamczewski, Maciej"]
[Result "1-0"]
[ECO "C01"]
[WhiteElo "2452"]
[BlackElo "2081"]
[Annotator "ChessBase"]
[PlyCount "87"]
[EventDate "2021.12.18"]
[EventType "swiss"]
[EventCountry "POL"]
[SourceTitle "playchess.com"]
[Source "ChessBase"]
[SourceQuality "1"]
[TimeControl "900+10"]

1. e4 e6 2. d4 d5 3. exd5 exd5 4. Nf3 Nc6 5. Nc3 Bg4 6. Bb5 Bb4 7. h3 Bh5 8. g4 Bg6 9. Ne5 Nge7 10. h4 f6 11. Nxg6 hxg6 12. Qd3 Qd7 13.
f3 a6 14. Ba4 Bd6 15. Ne2 O-O-O 16. Bd2 g5 17. h5 g6 18. O-O-O gxh5 19. gxh5 Rh6 20. f4 Rdh8 21. Bxc6 Nxc6 22. fxg5 fxg5 23. Qf3 Be7 24. Rdg1 Rf8 25. Qg2 Rf5 26. c3 Na5 27. Ng3 Rf7 28. Rf1 Rxf1+ 29. Rxf1 Nc4 30. Nf5 Nxd2 31. Kxd2 Re6 32. h6 Bf6 33. Ne3 c6 34. Ng4 Bd8 35. Ne5 Qh7 36. Rf8 Rf6 37. Rxd8+ Kxd8 38. Qxg5 Qf5 39. Qxf5 Rxf5 40. h7 Rh5 41. h8=Q+ Rxh8 42. Nf7+ Ke7 43. Nxh8 Kf6 44. Ke3 1-0

[Event "European Rapid Championship 2021"]
[Site "Katowice"]
[Date "2021.12.18"]
[Round "3.16"]
[White "Kiolbasa, Damian"]
[Black "Janaszak, Dawid"]
[Result "0-1"]
[ECO "A57"]
[WhiteElo "1893"]
[BlackElo "2328"]
[Annotator "NA"]
[PlyCount "90"]
[EventDate "2021.12.18"]
[EventType "swiss"]
[EventCountry "POL"]
[SourceTitle "playchess.com"]
[Source "ChessBase"]
[SourceQuality "1"]
[TimeControl "900+10"]

1. d4 Nf6 2. c4 c5 3. d5 b5 4. Qc2 b4 5. b3 g6 6. Bb2 Bg7 7. h4 d6 8. Nd2 a5 9. h5 a4 10. h6 Bf8 11. a3 axb3 12. Qxb3 bxa3 13. Rxa3 Rxa3 14. Qxa3 Qb6 15. e4 Rg8 16. f3 g5 17. e5 dxe5 18. Bxe5 Nbd7 19. Bc3 Rg6 20. Bd3 Rxh6 21. Rxh6 Bxh6 22. Bf5 Qa6 23. Qb2 Bf8 24. Ne2 h5 25. Nc1 g4 26. Nd3 Bh6 27. f4 h4 28. Bxf6 exf6 29. Bxd7+ Bxd7 30. Ne4 Bg7 31. Qb8+ Bc8 32. Nd6+ Kd8 33. Nb5 Qa5+ 34. Ke2 f5 35. Qd6+ Bd7 36. Qxc5 h3 37. gxh3 gxh3 38. Ne5 Qa2+ 39. Ke3 Bxe5 40. fxe5 Qb3+ 41. Kf2 Qc2+ 42. Kg3 Qg2+ 43. Kf4 Qg4+ 44. Ke3 Qg1+ 45. Kf4 Qxc5 0-1

[Event "European Rapid Championship 2021"]
[Site "Katowice"]
[Date "2021.12.18"]
[Round "3.17"]
[White "Rudecki, Bartosz"]
[Black "Golubovskis, Maksims"]
[Result "1-0"]
[ECO "B50"]
[WhiteElo "1820"]
[BlackElo "2210"]
[Annotator "ChessBase"]
[PlyCount "167"]
[EventDate "2021.12.18"]
[EventType "swiss"]
[EventCountry "POL"]
[SourceTitle "playchess.com"]
[Source "ChessBase"]
[SourceQuality "1"]
[TimeControl "900+10"]

1. e4 c5 2. Nf3 d6 3. d4 Nf6 4. Nc3 cxd4 5. Qxd4 Nc6 6. Bb5 Bd7 7. Bxc6 Bxc6 8. Bg5 e6 9. O-O-O Be7 10. Rhe1 Qc7 11. Kb1 O-O 12. Qd2 b5 13. Bxf6 Bxf6 14. Qxd6 Qb7 15. Nd4 Rac8 16. Nxc6 Rxc6 17. Qb4 Bxc3 18. bxc3 Rc4 19. Qa5 Ra4 20. Qd8 Qa6 21. Rd6 Qb7 22. Qd7 Qb8 23. Re3 h6 24. e5 Rc4 25. Rd4 Rc5 26. Qd6 Qc8 27. Kb2 a5 28.
a3 Rc6 29. Qd7 Qa8 30. Qe7 Re8 31. Qh4 Qc8 32. Rg3 Kh8 33. Rdg4 Qd8 34. Qxd8 Rxd8 35. Rxg7 Rc5 36. Rxf7 Rxe5 37. Rb7 Rf8 38. Rd3 Rg5 39. g3 Rxf2 40. Rd8+ Rg8 41. Rdd7 Rg5 42. Rh7+ Kg8 43. Rxh6 Re5 44. Rb8+ Kg7 45. Rhh8 Rd2 46. Rhd8 Rxh2 47. Rd7+ Kg6 48. Rg8+ Kf5 49. Rd4 Ree2 50. Rf4+ Ke5 51. Rg5+ Kd6 52. Rxb5 Rxc2+ 53. Kb3 Rb2+ 54. Ka4 Rbc2 55. Rb6+ Ke5 56. Rb5+ Kd6 57. Rb6+ Kd5 58. c4+ Ke5 59. Kxa5 Rc3 60. Rb5+ Kd6 61. c5+ Kc6 62. a4 Rxg3 63. Rd4 e5 64. Rd6+ Kc7 65. Re6 Rg4 66. Rxe5 Rhh4 67. Re7+ Kd8 68. Rf7 Rxa4+ 69. Kb6 Rhb4 70. Rxb4 Rxb4+ 71.
Kc6 Ke8 72. Rh7 Kd8 73. Rh8+ Ke7 74. Kc7 Rg4 75. Rd8 Rc4 76. Rd7+ Ke6 77. c6 Rc1 78. Rd2 Ke5 79. Kb7 Rb1+ 80. Kc8 Ke6 81. c7 Rf1 82. Rb2 Rc1 83. Kb8 Kd7 84. Rd2+ 1-0

[Event "European Rapid Championship 2021"]
[Site "Katowice"]
[Date "2021.12.18"]
[Round "3.18"]
[White "Mirzoev, Emil"]
[Black "Kowalczyk, Rafal"]
[Result "1-0"]
[ECO "A05"]
[WhiteElo "2418"]
[BlackElo "2235"]
[Annotator "NA"]
[PlyCount "75"]
[EventDate "2021.12.18"]
[EventType "swiss"]
[EventCountry "POL"]
[SourceTitle "playchess.com"]
[Source "ChessBase"]
[SourceQuality "1"]
[TimeControl "900+10"]

1. Nf3 Nf6 2. c4 e6 3. g3 d5 4. b3 d4 5. Bg2 c5 6. b4 cxb4 7. a3 Nc6 8. O-O bxa3 9. d3 Be7 10. Bxa3 O-O 11. Qa4 e5 12. Nbd2 Nd7 13. Rfb1 Bxa3 14. Qxa3 f5 15. Ne1 Nf6 16. Nc2 Qe8 17. Qc5 Rf7 18. Nb4 Nxb4 19. Rxb4 b6 20. Qb5 Bd7 21. Qa6 e4 22. Nb3 e3 23. f4 Rd8 24. Qxa7 Bc6 25. Qxb6 Bxg2 26. Kxg2 Rfd7 27. Qc6 Qh5 28. Qf3 Qe8 29. Ra5 g6 30. c5 Nd5 31. Rxd4 Nc3 32. Rxd7 Qxd7 33. c6 Qc7 34. Re5 Qb6 35. Nc5 Qb1 36. Qxe3 Nd5 37. Rxd5 Rxd5 38. Qe6+ 1-0

[Event "European Rapid Championship 2021"]
[Site "Katowice"]
[Date "2021.12.18"]
[Round "3.18"]
[White "Kucypera, Malgorzata"]
[Black "Paszewski, Mateusz"]
[Result "0-1"]
[ECO "B15"]
[WhiteElo "1793"]
[BlackElo "2202"]
[Annotator "NA"]
[PlyCount "40"]
[EventDate "2021.12.18"]
[EventType "swiss"]
[EventCountry "POL"]
[SourceTitle "playchess.com"]
[Source "ChessBase"]
[SourceQuality "1"]
[TimeControl "900+10"]

1. e4 c6 2. d4 d5 3. Nd2 dxe4 4. Nxe4 Nf6 5. Nxf6+ exf6 6. Nf3 Bd6 7. Bd3 O-O 8. O-O Bg4 9. h3 Bh5 10. Bd2 Re8 11. c4 Nd7 12. Bc3 Nf8 13.
Be2 Bc7 14. Qb3 Rxe2 15. Nd2 Qd6 16. g3 b6 17. Rac1 Rae8 18.
c5 Qd7 19. Kg2 bxc5 20. dxc5 R8e3 0-1

[Event "European Rapid Championship 2021"]
[Site "Katowice"]
[Date "2021.12.18"]
[Round "3.19"]
[White "Kos, Pawel"]
[Black "Nytra, Ondrej"]
[Result "0-1"]
[ECO "A06"]
[WhiteElo "2199"]
[BlackElo "1798"]
[Annotator "NA"]
[PlyCount "64"]
[EventDate "2021.12.18"]
[EventType "swiss"]
[EventCountry "POL"]
[SourceTitle "playchess.com"]
[Source "ChessBase"]
[SourceQuality "1"]
[TimeControl "900+10"]

1. Nf3 d5 2. d4 c6 3. Bf4 Nf6 4. e3 Qb6 5. Qc1 g6 6. Bd3 Bg7 7. Nbd2 O-O 8.
h4 h5 9. c3 Nbd7 10. Qc2 Ng4 11. Ng5 c5 12. f3 Nh6 13. g4 e5 14. dxe5 Nxe5 15. Bxe5 Bxe5 16. O-O-O c4 17. Be2 Qxe3 18. Rhe1 Bg3 19. Rg1 Bxh4 20. gxh5 Bf5 21. Nge4 Qxe2 22. hxg6 fxg6 23. Rxg6+ Bxg6 24. Rg1 Kh7 25. Qa4 dxe4 26. Qd7+ Rf7 27. Qe6 Rg8 28. f4 e3 29. Ne4 Bxe4 30. Qxe4+ Nf5 31. Rh1 Qd2+ 32. Kb1 Qd3+ 0-1

[Event "European Rapid Championship 2021"]
[Site "Katowice"]
[Date "2021.12.18"]
[Round "3.19"]
[White "Brzezinski, Mateusz"]
[Black "Brodowski, Piotr"]
[Result "0-1"]
[ECO "A41"]
[WhiteElo "2187"]
[BlackElo "2414"]
[Annotator "ChessBase"]
[PlyCount "100"]
[EventDate "2021.12.18"]
[EventType "swiss"]
[EventCountry "POL"]
[SourceTitle "playchess.com"]
[Source "ChessBase"]
[SourceQuality "1"]
[TimeControl "900+10"]

1. d4 d6 2. Nf3 g6 3. Bf4 Bg7 4. e3 Nd7 5. c3 e5 6. Bg3 Qe7 7. Be2 h5 8. h3 h4 9. Bh2 e4 10. Nfd2 Ngf6 11. Na3 Nf8 12. Qa4+ Bd7 13. Qb3 Bc6 14. Bb5 Qd7 15. c4 Ne6 16. d5 Nc5 17. dxc6 bxc6 18. Qc2 cxb5 19. Nxb5 O-O 20. O-O Rfe8 21. Rab1 a6 22. Nc3 a5 23. b3 Qe6 24. a3 Qf5 25. b4 axb4 26. axb4 Ncd7 27. Nb5 Rac8 28. Bxd6 cxd6 29. Nxd6 Qe5 30. Nxc8 Rxc8 31. Rfc1 Bf8 32. c5 g5 33. c6 Nb6 34. Qb2 Qf5 35. Qd4 Nbd5 36. Ra1 Bxb4 37. Rc4 Bd6 38. Ra5 Be5 39. Qc5 g4 40. hxg4 Qxg4 41. f3 Qg6 42. Nxe4 h3 43. g4 Nxg4 44. fxg4 Qxg4+ 45. Kf1 Qf3+ 46. Nf2 h2 47. Rg4+ Qxg4 48. Nxg4 h1=Q+ 49. Ke2 Nc3+ 50. Kd3 Qe4+ 0-1

[Event "European Rapid Championship 2021"]
[Site "Katowice"]
[Date "2021.12.18"]
[Round "3.20"]
[White "Dragnev, Valentin"]
[Black "Mica, Marek"]
[Result "1-0"]
[ECO "B10"]
[WhiteElo "2409"]
[BlackElo "2060"]
[Annotator "ChessBase"]
[PlyCount "109"]
[EventDate "2021.12.18"]
[EventType "swiss"]
[EventCountry "POL"]
[SourceTitle "playchess.com"]
[Source "ChessBase"]
[SourceQuality "1"]
[TimeControl "900+10"]

1. e4 c6 2. Nc3 d5 3. Nf3 dxe4 4. Nxe4 Nf6 5. Qe2 Nxe4 6. Qxe4 Nd7 7. d4 Nf6 8. Qd3 g6 9. Be2 Bg7 10. O-O O-O 11. Re1 Bf5 12. Qb3 Qb6 13.
c3 Qc7 14. Ne5 Nd7 15. Nxd7 Bxd7 16. Bf3 Be6 17. Qa3 Rfe8 18. Bg5 Qd6 19. Qa5 Bd5 20. Bxd5 cxd5 21. Re2 e6 22. Rae1 Rec8 23. h4 h6 24. Be3 h5 25. g3 Qc7 26. Qb5 Qc6 27. Qb3 b5 28. Qd1 a5 29. Bd2 Rab8 30.
Re3 b4 31. g4 hxg4 32. Qxg4 bxc3 33. Bxc3 Qa4 34. h5 gxh5 35.
Qxh5 Qc2 36. Rg3 Qh7 37. Qg4 Kf8 38. Kg2 Bf6 39. Qf3 Qh4 40.
Rg4 Qh5 41. Rg8+ Ke7 42. Qxh5 Rxg8+ 43. Kf1 Rg5 44. Qf3 Rbg8 45. Bxa5 Bxd4 46. Bb4+ Ke8 47. Qd3 e5 48. Qb5+ Kd8 49. Qxd5+ Ke8 50. Qc6+ Kd8 51. Qd6+ Kc8 52. Rc1+ Kb7 53. Rc7+ Kb8 54. Rxf7+ Ka8 55. Qc6+ 1-0

[Event "European Rapid Championship 2021"]
[Site "Katowice"]
[Date "2021.12.18"]
[Round "3.20"]
[White "Dylag, Emilia"]
[Black "Danielyan, Vahe"]
[Result "1/2-1/2"]
[ECO "A58"]
[WhiteElo "1776"]
[BlackElo "2198"]
[Annotator "ChessBase"]
[PlyCount "163"]
[EventDate "2021.12.18"]
[EventType "swiss"]
[EventCountry "POL"]
[SourceTitle "playchess.com"]
[Source "ChessBase"]
[SourceQuality "1"]
[TimeControl "900+10"]

1. d4 Nf6 2. c4 c5 3. d5 b5 4. cxb5 a6 5. bxa6 g6 6. Nc3 Bg7 7. g3 O-O 8. Bg2 d6 9. Nf3 Nxa6 10. O-O Bf5 11. Nd2 Nb4 12. e4 Bd7 13. Nc4 Ng4 14. a3 Na6 15.
Bf4 Rb8 16. h3 Nf6 17. e5 Nh5 18. Bg5 dxe5 19. d6 f6 20. Be3 e6 21. Qe2 f5 22. Bc1 e4 23. Rd1 Rc8 24. g4 Nf6 25. Ne5 Nb8 26. Bg5 Nc6 27.
Nxc6 Rxc6 28. f3 exf3 29. Bxf3 Rb6 30. gxf5 gxf5 31. a4 h6 32. Be3 Ne4 33. Bxe4 fxe4 34. Rf1 Rf5 35. Rxf5 exf5 36. Qc4+ Kh7 37. b3 Qh4 38. Bxc5 Qg3+ 39. Kf1 e3 40. Ra2 Qxh3+ 41. Ke1 Rb7 42. Nd5 Qh1+ 43. Ke2 Qg2+ 44. Kxe3 Qxa2 45. Nb6 Qg2 46. a5 h5 47. a6 f4+ 48. Qxf4 Qg1+ 49. Kd2 Qxc5 50. axb7 Qxb6 51. Qe4+ Kh8 52. Qd5 Qb4+ 53. Ke2 Bg4+ 54. Kf2 Qf4+ 55. Kg2 Qb4 56. d7 Bxd7 57. Qxh5+ Kg8 58. Qd5+ Kf8 59. Qxd7 Qe4+ 60. Kf2 Bd4+ 61. Kg3 Be5+ 62. Kf2 Bd4+ 63. Kg3 Qe3+ 64. Kg4 Qe4+ 65. Kg3 Qe3+ 66. Kg4 Qg1+ 67. Kf5 Qf2+ 68. Ke6 Qe2+ 69. Kd5 Qe5+ 70. Kc4 Qc5+ 71. Kd3 Qc3+ 72. Ke4 Qe3+ 73. Kd5 Qe5+ 74. Kc4 Qc5+ 75. Kd3 Qc3+ 76. Ke4 Qe3+ 77. Kd5 Qe5+ 78. Kc4 Ba7 79. Qc8+ Ke7 80. b8=Q Bxb8 81. Qc5+ Qxc5+ 82. Kxc5 1/2-1/2

[Event "European Rapid Championship 2021"]
[Site "Katowice"]
[Date "2021.12.18"]
[Round "3.21"]
[White "Cukrowski, Filip"]
[Black "Sowinski, Pawel"]
[Result "1-0"]
[ECO "D78"]
[WhiteElo "2373"]
[BlackElo "2025"]
[Annotator "NA"]
[PlyCount "67"]
[EventDate "2021.12.18"]
[EventType "swiss"]
[EventCountry "POL"]
[SourceTitle "playchess.com"]
[Source "ChessBase"]
[SourceQuality "1"]
[TimeControl "900+10"]

1. Nf3 Nf6 2. g3 g6 3. Bg2 Bg7 4. d4 d5 5. c4 c6 6. O-O O-O 7. Nbd2 e6 8. Qc2 Nbd7 9. Re1 b6 10. e4 dxe4 11. Nxe4 Nxe4 12. Qxe4 Bb7 13. Bg5 Qc8 14. Ne5 h6 15. Be7 Re8 16. Bd6 Nf6 17. Qf3 Qd8 18. c5 Rc8 19. h4 h5 20. Re4 Rf8 21. Rf4 bxc5 22. dxc5 Ng4 23. Nxf7 Qd7 24. Bxf8 Rxf8 25. Nd6 Rxf4 26. Qxf4 Be5 27. Qg5 Kg7 28. Be4 Bxd6 29. Qxg6+ Kf8 30. Rd1 Qf7 31. Qxf7+ Kxf7 32. Rxd6 Ne5 33. f4 Nc4 34. Rd7+ 1-0